 Dungeon Crawl Stone Soup version 0.29.1-2-gbd0b4ee654 (webtiles) character file.

Game seed: 11175797862848984853

3606 raph the Arsonist (level 9, -3/49 HPs)
             Began as a Deep Elf Fire Elementalist on Nov 24, 2022.
             Was a Priest of Sif Muna.
             Slain by an orc warrior
             ... wielding a +0 war axe
              (23 damage)
             ... in a bailey.
             The game lasted 00:20:53 (11617 turns).

raph the Arsonist (Deep Elf Fire Elementalist)     Turns: 11617, Time: 00:20:54

Health: -3/49      AC:  9    Str: 10    XL:     9   Next: 86%
Magic:  10/32      EV: 14    Int: 31    God:    Sif Muna [***...]
Gold:   214        SH:  0    Dex: 15    Spells: 1/24 levels left

rFire   . . .      SeeInvis .   r - +7 dagger "Zerhuico" {freeze, Str+5}
rCold   . . .      Faith    .   (no shield)
rNeg    . . .      Spirit   .   a - +1 robe
rPois   .          Reflect  .   (no helmet)
rElec   .          Harm     .   F - +1 cloak
rCorr   .          Rampage  .   w - +0 pair of gloves
Will    .....                   o - +2 pair of boots
Stlth   ++........              x - amulet of regeneration
HPRegen 0.96/turn               v - ring of magical power
MPRegen 0.23/turn               s - +6 ring of intelligence

@: about to teleport
A: no striking features
a: Renounce Religion, Channel Magic, Forget Spell


You were in a bailey.
You worshipped Sif Muna.
Sif Muna was most pleased with you.
You visited 2 branches of the dungeon, and saw 8 of its levels.
You also visited: Sewer, Ossuary and Bailey.

You collected 488 gold pieces.
You spent 274 gold pieces at shops.

Inventory:

Hand Weapons
 e - a +0 short sword of venom
 r - the +7 dagger "Zerhuico" (weapon) {freeze, Str+5}
   (You took it off a goblin on level 4 of the Dungeon)

   It freezes those it strikes, dealing additional cold damage.
   It can also slow down cold-blooded creatures.
   Str:       It affects your strength (+5).
 B - a +3 dagger
 E - the +6 hammer of Linearity {venom, Str+5}
   (You found it on level 5 of the Dungeon)

   It poisons the flesh of those it strikes.
   Str:       It affects your strength (+5).
Missiles
 h - 2 throwing nets
 u - 17 poisoned darts
Armour
 a - a +1 robe (worn)
 o - a +2 pair of boots (worn)
 w - a +0 pair of gloves (worn)
 F - a +1 cloak (worn)
Jewellery
 d - a ring of ice
 f - a ring of fire
 s - a +6 ring of intelligence (right hand)
 v - a ring of magical power (left hand)
 x - an amulet of regeneration (around neck)
Scrolls
 i - 6 scrolls of teleportation
 y - 2 scrolls of blinking
 A - a scroll of immolation
 C - a scroll of acquirement
Potions
 b - 3 potions of magic
 c - 5 potions of curing
 g - 4 potions of degeneration
 j - 2 potions of cancellation
 k - 2 potions of mutation
 l - a potion of resistance
 m - 2 potions of heal wounds
 n - 2 potions of haste {unknown}
 p - 4 potions of might
 q - a potion of invisibility {unknown}
 t - a potion of lignification {unknown}
 z - a potion of flight {unknown}
 D - 3 potions of brilliance


   Skills:
 + Level 2.4 Fighting
 + Level 4.4 Dodging
 - Level 2.4 Stealth
 + Level 8.4 Spellcasting
 + Level 6.5 Conjurations
 + Level 3.0 Translocations
 + Level 10.5 Fire Magic
 + Level 4.1 Invocations


You had one spell level left.
You knew the following spells:

 Your Spells              Type           Power      Damage    Failure   Level
a - Foxfire               Conj/Fire      100%       2x1d9     1%          1
b - Scorch                Fire           100%       2d10      1%          2
c - Conjure Flame         Conj/Fire      60%        6-21      1%          3
d - Inner Flame           Hex/Fire       45%        N/A       1%          3
e - Flame Wave            Conj/Fire      60%        2d14      1%          4
f - Blink                 Tloc           62%        N/A       1%          2
g - Iskenderun's Mystic   Conj/Tloc      42%        2d10      5%          4
h - Sticky Flame          Conj/Fire      60%        2d8       1%          4

Your spell library contained the following spells:

 Spells                   Type           Power      Damage    Failure   Level
 Ignite Poison            Fire/Tmut/Pois 34%        N/A       2%          3
 Dazzling Flash           Conj/Hex       66%        N/A       3%          3
 Lesser Beckoning         Tloc           31%        N/A       3%          3
 Starburst                Conj/Fire      30%        6d9       19%         6
 Manifold Assault         Tloc           31%        N/A       30%         5
 Summon Cactus Giant      Summ           6%         N/A       99%         6


Dungeon Overview and Level Annotations

Branches:
Dungeon (7/15)             Temple (1/1) D:5           Sewer (visited)
Ossuary (visited)          Bailey (1/1)

Altars:
Elyvilon
Fedhas
Gozag
Hepliaklqana
Kikubaaqudgha
Makhleb
Nemelex Xobeh
Okawaru
Qazlal
Ru
Sif Muna
Uskayaw
Vehumet
Wu Jian
Yredelemnul
Zin
The Shining One

Shops:
D:1 =   D:4 [   D:5 :

Annotations:
D:7 Pikel


Message History

The orc warrior is moderately wounded.
The orc warrior is knocked back by the mystic blast.
The mystic blast hits the orc warrior!
The orc warrior is heavily wounded.
The orc warrior is knocked back by the mystic blast.
You hear a shout!
Your Translocations skill increases to level 3!
Your magical contamination has completely faded away.
Casting: Iskenderun's Mystic Blast (dangerous; 5% risk of failure)
Confirm with . or Enter, or press ? or * to list all spells.
You erupt in a blast of force!
The mystic blast hits the orc warrior!
The orc warrior is heavily wounded.
The orc warrior is knocked back by the mystic blast.
The orc warrior collides with the orc warrior!
The orc warrior is severely wounded. x2
You hear a shout! x2
Casting: Iskenderun's Mystic Blast (dangerous; 5% risk of failure)
Confirm with . or Enter, or press ? or * to list all spells.
You erupt in a blast of force!
The mystic blast hits the orc warrior!
The orc warrior is almost dead.
The orc warrior is knocked back by the mystic blast.
Things that are here:
a +0 hand axe; a +0 leather armour
There is an open door here.
Things that are here:
a +0 hand axe; a +0 leather armour; a goblin skeleton
Casting: Iskenderun's Mystic Blast (dangerous; 5% risk of failure)
Confirm with . or Enter, or press ? or * to list all spells.
You erupt in a blast of force!
The mystic blast hits the orc warrior but does no damage.
The orc warrior is severely wounded.
The orc warrior attacks as you move away!
The orc warrior hits you with a +0 war axe!!
Ouch! That really hurt!
As you read the scroll of teleportation, it crumbles to dust.
You feel strangely unstable. The orc warrior barely misses you.
The orc warlord roars a battlecry!
The orc warrior attacks as you move away!
The orc warrior hits you with a +0 war axe!!
You die...

### ### ###.### ###.###
###.....### ###.....###
##.........###.........##
#...........#...........#
#...........)g..........#
#.....⌠....o#)..g.⌠.....#
#.........o.#...........#
#..))....@..#..o........#
###)).......###.........###
###.#)#)....###
###.....#'#.#
♣♣###.....###.###
###.###.... .##....)....###
###.).... .#.....).)...#
#8g..... .'....)......#
#8...... .'.))..⌠.....#
.g.....⌠. .')).........#
..#8......


You could see an orc warlord, an orc warrior (strong, resistant) and a goblin.

Vanquished Creatures
  Grinder (D:4)
  Sigmund (D:4)
  A wraith (Ossuary)
  Eustachio (D:4)
  A wyvern (D:7)
  A black bear (D:5)
  9 orc warriors (Bailey)
  2 ogres (D:5)
  A centaur (D:6)
  A phantom (D:7)
  2 bullfrogs (D:6)
  2 scorpions
  4 wights (D:6)
  A howler monkey (D:6)
  A vampire bat (D:6)
  Crazy Yiuf (D:5)
  3 jellies
  3 hounds
  An orc priest (D:5)
  A gnoll bouda (D:6)
  3 orc wizards
  Natasha (twice) (D:2)
  6 iguanas
  A mummy (Ossuary)
  11 adders
  14 gnolls
  2 river rats (Sewer)
  A white imp (D:5)
  2 ufetubi
  2 worms
  3 dart slugs
  24 orcs
  7 bats
  3 bat skeletons (D:6)
  3 bat zombies (D:6)
  14 endoplasms
  6 giant cockroaches
  21 goblins
  17 hobgoblins
  3 jackals (D:1)
  2 quokkas
  14 ball pythons
  5 frilled lizards
  6 gnoll skeletons (Ossuary)
  6 kobolds
  8 kobold skeletons (Ossuary)
  11 orc skeletons (Ossuary)
  15 rats
  2 rat zombies (D:5)
252 creatures vanquished.

Vanquished Creatures (others)
  662 foxfires
  5 fungi (D:5)
  2 plants (D:5)
669 creatures vanquished.

Grand Total: 921 creatures vanquished

Notes
Turn   | Place    | Note
-------+----------+-------------------------------------------
     0 | D:1      | raph the Deep Elf Fire Elementalist began the quest for the
                  | Orb.
     0 | D:1      | Reached XP level 1. HP: 10/10 MP: 6/6
   129 | D:1      | Reached XP level 2. HP: 11/15 MP: 0/8
   214 | D:1      | Reached skill level 4 in Fire Magic
   877 | D:1      | Reached XP level 3. HP: 19/19 MP: 5/9
   880 | D:1      | Learned a level 2 spell: Scorch
   884 | D:1      | Learned a level 3 spell: Conjure Flame
  1329 | D:1      | Found a faded altar of an unknown god.
  1456 | D:1      | Found Qaegh's Jewellery Shoppe.
  1787 | D:2      | Reached skill level 5 in Fire Magic
  2275 | D:2      | Reached XP level 4. HP: 24/24 MP: 7/10
  2508 | D:2      | You fall into a shaft and drop 2 floors!
  2518 | D:4      | Noticed Grinder
  2657 | D:4      | Reached skill level 6 in Fire Magic
  2756 | D:3      | Reached XP level 5. HP: 18/28 MP: 2/11
  2779 | D:3      | Learned a level 3 spell: Inner Flame
  3212 | D:3      | Found a glowing drain.
  3232 | Sewer    | Entered a sewer
  3655 | Sewer    | Reached skill level 7 in Fire Magic
  3822 | Sewer    | Found a viscous altar of Jiyva.
  4357 | D:3      | Reached XP level 6. HP: 32/32 MP: 8/12
  4423 | D:2      | Noticed Natasha
  4428 | D:2      | Killed Natasha
  5041 | D:2      | Noticed Natasha
  5042 | D:2      | Killed Natasha
  5219 | D:3      | Reached skill level 8 in Fire Magic
  5588 | D:4      | Identified the +7 dagger "Zerhuico" {freeze, Str+5}
  5722 | D:4      | Noticed Sigmund
  5729 | D:4      | Killed Sigmund
  5730 | D:4      | Reached XP level 7. HP: 36/36 MP: 7/14
  5776 | D:4      | Found Afrela's Armour Boutique.
  5868 | D:1      | Bought a ring of magical power for 220 gold pieces
  6023 | D:4      | Learned a level 2 spell: Blink
  6027 | D:4      | Noticed Eustachio
  6053 | D:4      | Killed Eustachio
  6272 | D:4      | Paralysed by Grinder for 3 turns
  6275 | D:4      | Killed Grinder
  6276 | D:4      | Reached skill level 5 in Spellcasting
  6276 | D:4      | Reached skill level 9 in Fire Magic
  6302 | D:4      | Bought a +0 pair of gloves for 54 gold pieces
  6483 | D:4      | Learned a level 4 spell: Flame Wave
  6509 | D:5      | Entered Level 5 of the Dungeon
  6518 | D:5      | Found a staircase to the Ecumenical Temple.
  6525 | Temple   | Entered the Ecumenical Temple
  6564 | Temple   | Became a worshipper of Sif Muna the Loreminder
  6697 | D:5      | Found a white marble altar of Elyvilon.
  6708 | D:5      | Reached XP level 8. HP: 35/41 MP: 18/18
  6838 | D:5      | Found Bonoygy's Book Emporium.
  6875 | D:5      | Found a sand-covered staircase.
  6882 | Ossuary  | Entered an ossuary
  7201 | Ossuary  | Reached * piety under Sif Muna
  7683 | D:5      | Learned a level 4 spell: Iskenderun's Mystic Blast
  7711 | D:5      | Reached skill level 5 in Conjurations
  7769 | D:5      | Reached skill level 1 in Invocations
  7855 | D:5      | Found a sparkling altar of Nemelex Xobeh.
  8672 | D:5      | Found a runed translucent door.
  8675 | D:5      | Identified the +6 hammer of Linearity {venom, Str+5}
  8677 | D:5      | Noticed Crazy Yiuf
  8686 | D:5      | Killed Crazy Yiuf
  9444 | D:6      | HP: 2/41 [howler monkey (3)]
  9647 | D:6      | Found an ancient bone altar of Kikubaaqudgha.
  9650 | D:6      | Reached skill level 10 in Fire Magic
  9783 | D:6      | Reached XP level 9. HP: 46/46 MP: 19/22
  9947 | D:6      | Learned a level 4 spell: Sticky Flame
 10055 | D:6      | Reached skill level 1 in Fighting
 10055 | D:6      | Reached skill level 1 in Translocations
 10500 | D:7      | Noticed Pikel
 10504 | D:7      | HP: 2/47 [centaur/arrow (11)]
 10625 | D:7      | Reached ** piety under Sif Muna
 10785 | D:7      | Found a flagged portal.
 10808 | Bailey   | Entered a bailey
 11290 | Bailey   | Reached *** piety under Sif Muna
 11294 | Bailey   | Identified the +4 scale mail of Howling Wind {Drain rElec
                  | rC+}
 11594 | Bailey   | Noticed an orc warlord
 11617 | Bailey   | Slain by an orc warrior

Illustrated notes

Levels and vault maps discovered:
D:1:      mushboom_english_gardens, layout_basic, ebering_ecumenical_altar_hall,
          serial_aquarium, aquarium_bridge_square [aquarium_subvault_window,
          aquarium_subvault_wall, aquarium_subvault_wall,
          aquarium_subvault_bridge], aquarium_bridge_straight
          [aquarium_subvault_bridge, aquarium_subvault_wall,
          aquarium_subvault_bridge, aquarium_subvault_window],
          aquarium_window_fake, aquarium_window_corridor_3,
          aquarium_window_fake, aquarium_view_2a, aquarium_view_2b,
          serial_shops, shop, minmay_nonomino_d4
D:2:      layout_basic, uniq_natasha
D:3:      layout_basic, portal_sewer_entry_c
D:4:      layout_basic, serial_shops, nicolae_shop_window_shopping,
          uniq_grinder, uniq_eustachio, uniq_sigmund
D:5:      layout_basic, elyvilon_altar_5, nemelex_dance_club_becter,
          minmay_temple_entry_gardened_gates, serial_shops,
          nicolae_shop_temple_entry_statues_fountains, enter_ossuary_4,
          uniq_crazy_yiuf_cottage
D:6:      layout_loops_ring, kennysheep_vampire_church
D:7:      layout_rooms, lemuel_tele_altar, mainiacjoe_overflow_brackets,
          lightli_bailey_entry_fortress, minmay_misc_feat_encased, uniq_pikel
Temple:   nicolae_temple_ecumenical_triangle
Bailey:   bailey_axe_minmay_hex_keep, bailey

Skill      XL: |  1  2  3  4  5  6  7  8  9 |
---------------+----------------------------+-----
Fire Magic     | 4 5 6 7 8 9 10 | 10.5
Conjurations   | 2 3 5 6 |  6.5
Spellcasting   | 5 7 8 |  8.4
Invocations    | 2 4 |  4.1
Dodging        | 4 |  4.4
Fighting       | 2 |  2.4
Translocations | 3 |  3.0
Stealth        | |  2.4

Action                   |  1- 3 |  4- 6 |  7- 9 || total
-------------------------+-------+-------+-------++-------
Melee: Unarmed           |     2 |       |       ||     2
       Short sword       |     3 |    10 |       ||    13
       Dagger            |       |       |    22 ||    22
       Punch             |       |       |     1 ||     1
 Cast: Foxfire           |    65 |   129 |   204 ||   398
       Scorch            |    11 |    23 |    64 ||    98
       Inner Flame       |       |     2 |    13 ||    15
       Blink             |       |       |     1 ||     1
       Conjure Flame     |       |       |    23 ||    23
       Flame Wave        |       |       |     5 ||     5
       Sticky Flame      |       |       |    10 ||    10
       Iskenderun's Myst |       |       |     8 ||     8
  Use: Scroll            |     2 |     7 |    10 ||    19
       Potion            |       |       |     1 ||     1
Armor: Robe              |     6 |     2 |    19 ||    27
Dodge: Dodged            |    15 |    12 |    34 ||    61
